 Dungeon Crawl Stone Soup version 0.18.1-50-g88ac8fd (webtiles) character file.

168 Jorlmund the Shield-Bearer (level 5, -3/42 HPs)
             Began as a Formicid Fighter on Oct 1, 2016.
             Slain by an ogre
             ... wielding a +0 giant club
              (6 damage)
             ... on level 6 of the Dungeon on Oct 2, 2016.
             The game lasted 00:16:25 (2822 turns).

Jorlmund the Shield-Bearer (Formicid Fighter)       Turns: 2822, Time: 00:16:25

Health: -3/42      AC:  9    Str: 21    XL:     5   Next: 77%
Magic:  5/5        EV:  6    Int:  7    God:
Gold:   173        SH: 10    Dex: 14    Spells: 0 memorised, 4 levels left

rFire  . . .     SeeInvis +     a - +1 long sword
rCold  . . .     Gourm    .     q - +0 chain mail
rNeg   . . .     Faith    .     c - +0 shield
rPois  +         Spirit   .     (helmet unavailable)
rElec  .         Dismiss  .     (no cloak)
rCorr  .         Reflect  .     (no gloves)
SustAt .         Harm     .     (no boots)
MR     .....                    (no amulet)
Stlth  ..........               g - +3 ring of dexterity
                                o - ring of poison resistance

@: very slightly contaminated, invisible, not resistant to hostile enchantments,
extremely unstealthy
A: permanent stasis, dig shafts and tunnels, four strong arms, antennae 3
a: Dig, Shaft Self


You were on level 6 of the Dungeon.
You were hungry.

You visited 1 branch of the dungeon, and saw 5 of its levels.

You collected 173 gold pieces.

Inventory:

Hand Weapons
 a - a +1 long sword (weapon)
 i - a +1 dagger of freezing
 w - a +2 flail of crushing
Missiles
 y - 20 arrows
Armour
 b - a +0 scale mail
 c - a +0 shield (worn)
 q - a +0 chain mail (worn)
 z - a +0 buckler
Jewellery
 g - a +3 ring of dexterity (right hand)
 o - a ring of poison resistance (left hand)
 v - an uncursed ring of ice
Scrolls
 h - 3 scrolls of remove curse
 k - a scroll of recharging
 p - 4 scrolls of identify {unknown}
 t - a scroll of fear {unknown}
 x - a scroll of teleportation {unknown}
Potions
 d - a potion of might
 j - a potion of curing
Comestibles
 f - 4 bread rations
 r - 3 fruits
 s - a meat ration
 u - a beef jerky
 A - 2 chunks of flesh


   Skills:
 - Level 3.7 Fighting
 * Level 3.5 Long Blades
 + Level 3.5 Armour
 + Level 5.7 Shields


You had 4 spell levels left.
You didn't know any spells.

Dungeon Overview and Level Annotations

Branches:
Dungeon (4/15)
 Temple: D:4-7

Altars:
Dithmenos
Kikubaaqudgha
Pakellas
Xom

Shops:
D:6 :


Innate Abilities, Weirdness & Mutations

You are under a permanent stasis effect.
You can dig through walls and to a lower floor.
Your four strong arms can wield two-handed weapons with a shield.
You have a pair of large antennae on your head (SInv).


Message History

Your +0 long sword glows red for a moment.
The ogre hits you with a giant club!
* * * LOW HITPOINT WARNING * * *
Unknown command.
Drink which item? (? for menu, Esc to quit)
It was a potion of invisibility.
You fade into invisibility!
You are very lightly contaminated with residual magic.
Drink which item? (? for menu, Esc to quit)
You feel better. The ogre hits you with a giant club!
* * * LOW HITPOINT WARNING * * *
You block the quokka's attack.
Unknown command.
An orc wizard comes into view. It is wielding a dagger.
The orc wizard shouts!
As you read the scroll labeled JINESI ZOUDIMI, it crumbles to dust.
Formicids cannot teleport.
It was a scroll of blinking.
The orc wizard shouts!
The ogre hits you with a giant club.
You die...

*≈≈≈≈≈≈≈******≈≈≈,≈≈**,*,**
**≈≈≈≈≈≈**≈≈**≈≈≈,≈≈*≈,*,*
*≈≈≈≈≈≈≈*≈**≈*≈≈≈,≈≈**,*,*
**≈≈≈≈*****##♣≈≈{o≈≈≈**,,*
**≈≈** ##...♣≈≈.≈*≈*,,**
**≈* ##....♣≈≈.≈♣≈*,** *
*** #.....P≈≈.≈♣**,* *
#....♣≈≈≈.P♣≈,,* *
#.@..♣≈≈≈.≈≈P≈** *
#O..r♣o≈≈.≈≈≈♣*****
#....♣≈≈≈.≈PP♣#,,,,
##...≈≈P≈.≈≈P≈.,,,*
##...o♣P≈.P≈P≈#,***
#......♣≈.≈≈♣..,,,,
#.......P.≈≈...,,,,
#∩..........$..,,,,
#........<.....,,,,


You could see an ogre, an orc priest, an orc wizard (wandering) and a quokka.

Vanquished Creatures
  4 gnolls
  5 adders
  An adder skeleton (D:4)
  2 worms
  3 dart slugs
  3 giant geckos
  An orc (D:3)
  8 bats
  2 bat zombies (D:3)
  4 giant cockroaches
  2 goblins (D:1)
  10 hobgoblins
  5 jackals
  3 kobolds
  2 quokkas (D:2)
  10 rats
65 creatures vanquished.

Notes
Turn   | Place    | Note
--------------------------------------------------------------
     0 | D:1      | Jorlmund the Formicid Fighter began the quest for the Orb.
     0 | D:1      | Reached XP level 1. HP: 18/18 MP: 1/1
    99 | D:1      | Reached XP level 2. HP: 24/24 MP: 2/2
   355 | D:1      | Reached skill level 4 in Shields
   417 | D:1      | Reached XP level 3. HP: 30/30 MP: 3/3
  1032 | D:2      | Reached XP level 4. HP: 37/37 MP: 4/4
  1326 | D:2      | Reached skill level 5 in Shields
  1696 | D:2      | Reached XP level 5. HP: 41/42 MP: 5/5
  1813 | D:3      | Found a shimmering altar of Xom.
  1916 | D:3      | Found an oddly glowing altar of Pakellas.
  2291 | D:3      | Found an ancient bone altar of Kikubaaqudgha.
  2520 | D:2      | You fall through a shaft!
  2581 | D:4      | Found a shadowy altar of Dithmenos.
  2808 | D:4      | You fall through a shaft for 2 floors!
  2808 | D:6      | Found Fyotot's Book Shop.
  2808 | D:6      | Noticed an ogre
  2816 | D:6      | HP: 2/42 [ogre/giant club (14)]
  2822 | D:6      | Slain by an ogre

Skill      XL: |  1  2  3  4 |
---------------+-------------+-----
Shields        | 4 5 |  5.7
Long Blades    | 3 |  3.5
Fighting       | |  3.7
Armour         | |  3.5

Action                   |  1- 3 |  4- 6 || total
-------------------------+-------+-------++-------
Melee: Long sword        |    87 |   156 ||   243
 Abil: Dig               |     7 |     2 ||     9
       Shaft Self        |       |     2 ||     2
  Use: Potion            |     1 |     3 ||     4
       Scroll            |       |     5 ||     5
  Eat: Chunk             |     2 |     6 ||     8
Armor: Scale mail        |    32 |     2 ||    34
       Chain mail        |       |   115 ||   115
Dodge: Dodged            |    33 |    55 ||    88
Block: Shield            |    43 |   117 ||   160
